 Dungeon Crawl Stone Soup version 0.31-a0-473-g61b50ae490 (console) character file.

Game seed: 18370642327955466058

1565 petzl the Covert (level 9, -6/68 HPs)
             Began as a Formicid Delver on Aug 6, 2023.
             Was an Initiate of Vehumet.
             Mangled by an orc
             ... wielding a +0 halberd
              (7 damage)
             ... in a bailey.
             The game lasted 00:38:25 (6446 turns).

petzl the Covert (Formicid Delver)                  Turns: 6446, Time: 00:38:25

Health: -6/68      AC:  5    Str: 16    XL:     9   Next: 13%
Magic:  19/19      EV: 12    Int: 15    God:    Vehumet [......]
Gold:   274        SH:  0    Dex: 15    Spells: 21/21 levels left

rFire   + . .        b - +0 quarterstaff (chaos)
rCold   . . .        (no shield)
rNeg    . . .        C - +0 leather armour {rF+}
rPois   .            (helmet unavailable)
rElec   .            E - +0 cloak
rCorr   .            w - +0 pair of gloves
SInv    +            (no boots)
Will    ++...        (no amulet)
Stlth   ++++         i - ring of willpower
HPRegen 0.31/turn    (no ring)
MPRegen 0.16/turn

%: clarity
@: enlightened, flying
A: permanent stasis, dig shafts and tunnels, antennae 3, four strong arms,
clarity
a: Dig, Renounce Religion


You were in a bailey.
You worshipped Vehumet.
Vehumet was noncommittal.
You visited 2 branches of the dungeon, and saw 9 of its levels.
You also visited: Bailey.

You collected 274 gold pieces.

Inventory:

Hand Weapons
 a - a +1 sling of freezing
 b - a +0 quarterstaff of chaos (weapon)
 c - a +3 whip
 u - a +2 short sword of freezing
Missiles
 r - 7 javelins
 K - 3 atropa-tipped darts (quivered)
Armour
 q - a +0 tower shield
 w - a +0 pair of gloves (worn)
 C - a +0 leather armour of fire resistance (worn)
 E - a +0 cloak (worn)
Magical Staves
 D - a staff of fire
Jewellery
 i - a ring of willpower (left hand)
 o - a ring of ice
Wands
 f - a wand of digging (3)
 J - a wand of roots (6)
Scrolls
 d - 2 scrolls of revelation
 g - a scroll of identify
 j - a scroll of immolation
 n - 2 scrolls of amnesia
 t - a scroll of vulnerability
 B - 2 scrolls of fog
 G - a scroll of silence
 H - a scroll of poison
Potions
 e - a potion of enlightenment
 h - a potion of might {unknown}
 m - a potion of curing
 s - a potion of haste {unknown}
 x - a potion of berserk rage {unknown}
 z - a potion of invisibility {unknown}
 A - a potion of ambrosia
 F - a potion of mutation


   Skills:
 - Level 5.0 Fighting
 - Level 2.0(2.2) Maces & Flails
 - Level 1.4(2.0) Staves
 - Level 5.0 Ranged Weapons
 - Level 1.7 Dodging
 - Level 9.0 Stealth
 + Level 6.7 Spellcasting
 + Level 1.0 Fire Magic
 + Level 1.1 Evocations


You had 21 spell levels left.
You didn't know any spells.
Your spell library was empty.

Dungeon Overview and Level Annotations

Branches:
Dungeon (8/15)             Temple (1/1) D:6          Bailey (1/1)
   Lair: D:8-11

Altars:
Ashenzari
Dithmenos
Elyvilon
Fedhas
Gozag
Hepliaklqana
Kikubaaqudgha
Makhleb
Nemelex Xobeh
Okawaru
Qazlal
Sif Muna
Trog
Uskayaw
Vehumet
Wu Jian
Xom
Yredelemnul
Zin
The Shining One

Shops:
D:6 *=:

Annotations:
D:4 exclusion: 2 downstairs
D:5 exclusion: downstairs
D:6 Dowan, Edmund, Sigmund
D:7 exclusions: downstairs and jelly


Innate Abilities, Weirdness & Mutations

You cannot be hasted, slowed, berserked, paralysed or teleported.
You can dig through walls and to a lower floor.
You have a pair of large antennae on your head. (SInv)
Your four strong arms can wield two-handed weapons with a shield.
You possess an exceptional clarity of mind.


Message History

Things that are here:
a +0 spear {!f =f}; a +0 ring mail; 11 gold pieces You sock the orc!
The orc suddenly seems more resistant.
The orc is almost dead.
The orc closely misses you.
An orc comes into view. It is wielding a +0 halberd.
The orc closely misses you.
You hit the orc but do no damage.
The orc seems to grow stronger.
The orc is almost dead.
The orc hits you with a +0 halberd.
* * * LOW HITPOINT WARNING * * *
You hit the orc but do no damage.
The orc is almost dead.
The orc misses you.
You thump the orc!
You kill the orc!
Vehumet accepts your kill. The orc barely misses you.
Things that are here:
a +0 halberd; a +0 scale mail You hit the orc but do no damage.
The orc seems to speed up.
Your punch misses the orc. The orc hits you with a +0 halberd.
* * * LOW HITPOINT WARNING * * *
An orc warrior comes into view. It is wielding a +0 glaive.
The orc closely misses you.
You barely miss the orc. The orc misses you. The orc barely misses you.
You barely miss the orc. The orc barely misses you.
The orc hits you with a +0 halberd.
* * * LOW HITPOINT WARNING * * *
Unknown command.
Unknown command.
You closely miss the orc. The orc closely misses you.
The orc hits you from afar with a +0 halberd.
* * * LOW HITPOINT WARNING * * *
The orc hits you from afar with a +0 halberd!
* * * LOW HITPOINT WARNING * * *
Things that are here:
a +0 spear {!f =f}; a +0 ring mail; 11 gold pieces The orc hits you from afar with a +0 halberd!
You die...

♣♣♣♣♣♣♣♣ ♣♣......♣♣
♣........♣ #♣..∩..∩..♣#
#..........#
##..........##
###............#
♣♣........)...♣.#
#♣..♣.♣.......♣♣.###
#≈≈................♣♣
#≈≈≈....#(...#......♣♣
#≈≈≈≈≈≈≈#....#≈≈≈≈ooo♣
#≈≈≈≈≈≈≈#....#≈≈≈≈≈≈o♣
#≈≈≈≈≈≈≈#....#≈≈≈≈≈≈≈♣♣#
#♣♣≈≈≈≈≈#....#≈≈≈≈≈≈≈≈≈#
♣♣♣♣...#....#...≈≈≈≈≈≈#
#♣....♣...........)≈≈≈≈#
#.............o..)o.@≈≈#
#..####........####..≈≈#
##.# ####''#### #♣♣♣♣#
### ..... { { 8....8..
########..# .# { #


You could see 3 orc warriors and 3 orcs.

Vanquished Creatures
  A water moccasin (D:5)
  2 black bears (D:4)
  A sky beast (D:7)
  2 orc warriors
  2 ogres (D:5)
  2 lemures (D:7)
  2 bullfrogs (D:7)
  A scorpion (D:5)
  A howler monkey (D:5)
  An orc priest (D:3)
  2 hounds (D:5)
  2 sleepcaps (D:5)
  7 iguanas
  4 orc wizards
  5 adders
  An ufetubus (D:5)
  2 worms
  3 dart slugs
  19 orcs
  13 endoplasms
  3 giant cockroaches (D:3)
  5 goblins
  3 hobgoblins
  5 jackals
  2 quokkas
  5 ball pythons
  7 bats
  3 frilled lizards
  4 kobolds
  7 rats
117 creatures vanquished.

Notes
Turn   | Place    | Note
-------+----------+-------------------------------------------
     0 | D:5      | petzl the Formicid Delver began the quest for the Orb.
     0 | D:5      | Reached XP level 1. HP: 18/18 MP: 1/1
    28 | D:6      | Found Kouf's Jewellery Boutique.
    35 | D:6      | Noticed an iguana
    95 | D:4      | You fall into a shaft and drop 2 floors!
    95 | D:6      | Found Hecoivel's Book Shop.
   143 | D:7      | Noticed a jelly
   232 | D:6      | Noticed Edmund
   269 | D:5      | Noticed an ogre
   330 | D:5      | Noticed a hound
   334 | D:5      | Noticed a sleepcap
   618 | D:2      | Reached skill level 1 in Ranged Weapons
   618 | D:2      | Reached XP level 2. HP: 24/24 MP: 2/2
   647 | D:1      | Found a faded altar of an unknown god.
   793 | D:1      | Reached XP level 3. HP: 24/29 MP: 3/3
  1548 | D:2      | Reached skill level 1 in Staves
  1616 | D:2      | Reached XP level 4. HP: 35/35 MP: 4/4
  2400 | D:3      | You fall into a shaft and drop 1 floor!
  2599 | D:3      | Reached skill level 7 in Stealth
  2599 | D:3      | Reached XP level 5. HP: 38/41 MP: 5/5
  3024 | D:4      | Noticed a black bear
  3072 | D:4      | Reached skill level 1 in Spellcasting
  3072 | D:4      | Reached XP level 6. HP: 47/47 MP: 7/7
  3668 | D:4      | Killed a black bear
  3669 | D:4      | Reached skill level 8 in Stealth
  3974 | D:4      | Reached XP level 7. HP: 39/52 MP: 10/10
  4380 | D:5      | Noticed a water moccasin
  4684 | D:5      | Killed a water moccasin
  4793 | D:5      | Reached XP level 8. HP: 58/58 MP: 13/13
  4826 | D:5      | Reached skill level 9 in Stealth
  4890 | D:4      | Reached skill level 5 in Ranged Weapons
  5222 | D:6      | Found a staircase to the Ecumenical Temple.
  5412 | Temple   | Entered the Ecumenical Temple
  5420 | Temple   | Became a worshipper of Vehumet
  5460 | D:5      | Reached skill level 5 in Fighting
  5460 | D:5      | Reached skill level 5 in Spellcasting
  5627 | D:6      | Found Musapt's General Store.
  5672 | D:6      | Noticed Sigmund
  5716 | D:6      | Found an ornate altar of the Wu Jian Council.
  5727 | D:6      | Found a shimmering altar of Xom.
  5733 | D:6      | Found a blossoming altar of Fedhas.
  5759 | D:6      | Noticed Dowan
  6073 | D:7      | Reached XP level 9. HP: 61/68 MP: 18/18
  6171 | D:8      | Found a flagged portal.
  6204 | Bailey   | Entered a bailey
  6239 | Bailey   | Gained mutation: You possess an exceptional clarity of
                  | mind. [potion of mutation]
  6300 | Bailey   | Reached skill level 1 in Evocations
  6434 | Bailey   | Reached skill level 1 in Fire Magic
  6444 | Bailey   | HP: 1/68 [orc/+0 halberd (7)]
  6446 | Bailey   | Mangled by an orc

Illustrated notes

Levels and vault maps discovered:
D:1:      dpeg_arrival_subterranean_lakeside_camping, layout_loops_ring,
          chequers_ecumenical_altar_simple_redux,
          hangedman_abyss_or_decor_lesser_grid
D:2:      layout_basic
D:3:      cheibrodos_pilgrimage, layout_basic, cheibrodos_sewer_entry_drain,
          serial_forest, infiniplex_forest_join, infiniplex_forest_end_2,
          infiniplex_forest_lined_3, infiniplex_forest_lined_3_way,
          infiniplex_forest_corner_1
D:4:      cheibrodos_quashed, layout_loops_cross
D:5:      layout_rooms, kennysheep_small_square
D:6:      minmay_angry_zag, layout_cave_pools, minmay_overflow_temple_star_quad,
          minmay_temple_entry_sparse_star, serial_shops, nicolae_shop_stone,
          shop, shop, uniq_sigmund, uniq_duvessa, uniq_edmund
D:7:      layout_basic, chequers_temple_overflow_statue_of_worship,
          wad_floor_pattern_2, uniq_pikel
D:8:      layout_loops_ring, enter_bailey_2, corexii_leaking_fountain
Temple:   minmay_crystal_spiral_temple
Bailey:   bailey_polearm_elven_captive_hellmonk, bailey

Skill      XL: |  1  2  3  4  5  6  7  8  9 |
---------------+----------------------------+-----
Ranged Weapons | 1 2 3 4 5 |  5.0
Staves         | 1 |  1.4
Stealth        | 7 8 9 |  9.0
Spellcasting   | 1 2 3 6 |  6.7
Fighting       | 5 |  5.0
Evocations     | 1 |  1.1
Fire Magic     | 1 |  1.0
Maces & Flails | |  2.0
Dodging        | |  1.7

Action                     |  1- 3 |  4- 6 |  7- 9 || total
---------------------------+-------+-------+-------++-------
  Melee: Mace              |     9 |       |       ||     9
         Quarterstaff      |    39 |    37 |    93 ||   169
         Punch             |     1 |     2 |     2 ||     5
         Whip              |       |    70 |    81 ||   151
   Fire: Sling             |    54 |   120 |    95 ||   269
  Throw: Dart              |       |       |    24 ||    24
         Javelin           |       |       |     7 ||     7
Ability: Shaft Self        |     1 |     1 |       ||     2
         Dig               |       |     1 |       ||     1
  Evoke: Wand              |       |     5 |     9 ||    14
    Use: Scroll            |     1 |     5 |     9 ||    15
         Potion            |       |     1 |     9 ||    10
   Stab: Sleeping          |     4 |     1 |       ||     5
         Paralysed         |       |     5 |     7 ||    12
         Invisible         |       |       |     7 ||     7
 Armour: Ring mail         |    26 |    33 |       ||    59
         Leather armour    |       |    11 |    53 ||    64
  Dodge: Dodged            |    41 |    92 |   130 ||   263

Table legend: (Time is in decaauts)
 A = Elapsed time spent in this place.
 B = Non-inter-level travel time spent in this place.
 C = Inter-level travel time spent in this place.
 D = Time resting spent in this place.
 E = Time spent auto-exploring this place.
 F = Levels seen in this place.
 G = Mean time per level.
                   A        B        C        D        E       F      G
               +--------+--------+--------+--------+--------+-----+--------+
         Total |   6532 |   6243 |    289 |   1373 |   1893 |  10 |  653.2 |
       Dungeon |   6272 |   5993 |    279 |   1305 |   1893 |   8 |  784.0 |
        Temple |     15 |      5 |     10 |      0 |      0 |   1 |   15.0 |
        Bailey |    244 |    244 |      0 |     68 |      0 |   1 |  244.0 |
               +--------+--------+--------+--------+--------+-----+--------+

Top non-repeatable levels by time:
     D:4: 1533 daAuts
     D:5: 1506 daAuts
     D:1: 891 daAuts
     D:3: 881 daAuts
     D:2: 575 daAuts
     D:7: 505 daAuts
     D:6: 331 daAuts
  Bailey: 244 daAuts
     D:8: 47 daAuts
  Temple: 15 daAuts
